Workbook

Sheet Inputs
B1: Retirement Model | C1: themoneyengineers.com | D1: john.ntende@gmail.com | E1: Note: Only edit cells in yellow! don't edit any formulas
C2: +256788437543
B3: Inputs
B4: Description | C4: ugx | D4: Notes
B5: Gross monthly salary/income | C5: 5000000
B6: Net monthly salary/income | C6: =0.65*C5 -> 3250000
B7: Average monthly expenses | C7: 3000000
B8: Annual interest rate | C8: 0.1 | D8: estimate of interest rates
B9: Average Annual inflation rate | C9: 0.05 | D9: 10 yr average inflation rate
B10: Current Age | C10: 33
B11: Retirement age | C11: 55
B12: Annual salary growth rate | C12: 0.03 | D12: estimate of growth in salary
B14: Available Retirement Funds (ugx) | C14: Current balance (ugx) | D14: Monthly Saving (ugx)
B15: NSSF | C15: 50000000 | D15: =0.15*C5 -> 750000 | E15: don't delete this row
B16: MTN Pension Scheme | C16: 8000000 | D16: =12%*C5 -> 600000
B17: Personal Pension Scheme | C17: 0 | D17: 0
B18: Others | C18: 0 | D18: 0
B20: Total | C20: =SUM(C15:C19) -> 58000000 | D20: =SUM(D15:D19) -> 1350000

Sheet Outputs
F1: Note: DON'T edit anything here!!!
B2: Model Outputs
B3: Description | C3: ugx | D3: Notes
B4: Current savings | C4: =Inputs!C20 -> 58000000
B5: Monthly deposit | C5: =Inputs!D20 -> 1350000
B6: Annual savings | C6: =C5*12 -> 16200000
B7: Run way (months) | C7: =(Inputs!C20-Inputs!C15)/Inputs!C7 -> 2.6666667 | D7: months you can survive if you lose your job
B8: Run way (years) | C8: =C7/12 -> 0.22222222 | D8: years you can survive without job!!!
B9: Current Year | C9: =YEAR(TODAY()) -> 2024
B10: Years to Retirement | C10: =IF(Inputs!C10<=Inputs!C11,Inputs!C11-Inputs!C10,0) -> 22
B11: Retirement Year | C11: =YEAR(TODAY())+C10 -> 2046
B12: Annual savings rate | C12: =C5/Inputs!C5 -> 0.27 | D12: >20%
B13: Future Value of Investment @retirement | C13: =C4*(1+Inputs!C8)^Outputs!C10+C6*((((1+Inputs!C8)^Outputs!C10-(1+Inputs!C12)^Outputs!C10))/(Inputs!C8-Inputs!C12)) -> 1.9125871e+09 | D13: estimate of value of retirement fund
B14: Cumulative Principal | C14: =C5*C10*12+C4 -> 414400000 | D14: amount you have actually saved
B15: Net gain | C15: =C13-C14 -> 1.4981871e+09 | D15: interest earned from investment
B16: Monthly Retirement Income | C16: =C13*Inputs!C8/12 -> 15938226 | D16: this is what you will earn every month from your investment without depleting principal
B17: Monthly Retirement Expenses | C17: =Inputs!C7*(1+Inputs!C9)^C10 -> 8775782.2 | D17: estimate of retirement expenses (actuals could be much higher!!!)
B18: Surplus/deficit at retirement | C18: =C16-C17 -> 7162443.4 | D18: positive values are OK; negative values mean you may not have enough income at retirement
B19: Margin of Safety | C19: =C18/C16 -> 0.44938776 | D19: this is the proportion by which retirement income exceeds expenses. The higher the safer you are in retirement
